 Dungeon Crawl Stone Soup version 0.22-a0-815-gb582571 (webtiles) character file.

31 iamserjio the Firebug (level 3, -2/19 HPs)
             Began as a Tengu Fire Elementalist on July 23, 2018.
             Killed by nerve-wracking pain
             ... invoked by Jessica
              (12 damage)
             ... on level 2 of the Dungeon.
             The game lasted 00:02:51 (340 turns).

iamserjio the Firebug (Tengu Fire Elementalist)      Turns: 340, Time: 00:02:52

Health: -2/19      AC:  2    Str: 11    XL:     3   Next: 22%
Magic:  1/7        EV: 12    Int: 16    God:
Gold:   31         SH:  0    Dex: 14    Spells: 5/6 levels left

rFire    . . .     SeeInvis .   d - +0 spear
rCold    . . .     Gourm    .   (no shield)
rNeg     . . .     Faith    .   a - +0 robe
rPois    .         Spirit   .   (helmet restricted)
rElec    .         Reflect  .   (no cloak)
rCorr    .         Harm     .   (no gloves)
MR       .....                  (boots unavailable)
Stlth    ++........             (no amulet)
HPRegen  0.06/turn              j - +3 ring of strength
MPRegen  0.10/turn              (no ring)

@: lethally poisoned (-2 -> -4), very slightly contaminated, invisible
A: beak, talons 3
a: no special abilities


You were on level 2 of the Dungeon.
You were not hungry.

You visited 1 branch of the dungeon, and saw 2 of its levels.

You collected 31 gold pieces.

Inventory:

Hand Weapons
 d - a +0 spear (weapon)
Armour
 a - a +0 robe (worn)
Jewellery
 h - an uncursed amulet of guardian spirit
 j - a +3 ring of strength (left hand)
Scrolls
 b - a scroll of magic mapping {unknown}
 e - a scroll of amnesia {unknown}
 f - 3 scrolls of identify {unknown}
 g - a scroll of immolation {unknown}
Comestibles
 c - 3 rations


   Skills:
 - Level 2.1 Dodging
 - Level 2.0 Stealth
 - Level 2.0 Spellcasting
 + Level 3.6 Conjurations
 + Level 3.6 Fire Magic


You had 5 spell levels left.
You knew the following spells:

 Your Spells              Type           Power        Failure   Level  Hunger
a - Flame Tongue          Conj/Fire      ##...        4%          1    #......

Your spell library contained the following spells:

 Spells                   Type           Power        Failure   Level  Hunger
 Fireball                 Conj/Fire      ##........   78%         5    ######.
 Conjure Flame            Conj/Fire      ##......     14%         3    ###....
 Throw Flame              Conj/Fire      ##....       7%          2    ###....
 Sticky Flame             Conj/Fire      ##......     43%         4    #####..
 Inner Flame              Hex/Fire       #.......     28%         3    ###....


Dungeon Overview and Level Annotations

Branches:
Dungeon (2/15)

Altars:

Annotations:
D:2 Jessica


Innate Abilities, Weirdness & Mutations

You have a beak for a mouth.
You have claws for feet.


Message History

The adder is severely wounded.
The adder misses you. The adder barely misses you.
It was a potion of invisibility.
You fade into invisibility!
You feel sick. The adder completely misses you.
You hit the adder.
The adder is almost dead.
The adder barely misses you.
Jessica gestures wildly.
You hit the adder.
You kill the adder!
You have reached level 3!
Your experience leads to an increase in your attributes!
Your base attributes are Str 8, Int 15, Dex 14.
Increase (S)trength, (I)ntelligence, or (D)exterity?
You feel clever. Jessica casts a spell at you. Pain shoots through your body!
Ouch! That really hurt!
You die...

#+## ##...##
##.....## #
##.......##
#...####.<.......#
b....?.@..@.......
.......#..........
...###.##.......#.
. #. ##.....## #.
##...## #. #+## #.
#.


You could see Jessica.

Vanquished Creatures
  An adder (D:2)
  An ooze (D:1)
  2 bats (D:1)
  3 goblins (D:1)
  4 hobgoblins (D:1)
  2 kobolds (D:1)
  A frilled lizard (D:1)
  2 rats (D:1)
16 creatures vanquished.

Notes
Turn   | Place    | Note
-------+----------+-------------------------------------------
     0 | D:1      | iamserjio the Tengu Fire Elementalist began the quest for the Orb.
     0 | D:1      | Reached XP level 1. HP: 10/10 MP: 4/4
    77 | D:1      | Reached XP level 2. HP: 15/15 MP: 0/6
   335 | D:2      | Noticed Jessica
   340 | D:2      | Reached XP level 3. HP: 10/19 MP: 0/7
   340 | D:2      | Killed from afar by Jessica

Vault maps used:
D:1:      eino_arrival_cavern_a, hangedman_abyss_or_decor_stabs
D:2:      first_ration, minmay_misc_feat_ornament, uniq_jessica, uniq_terence

Skill      XL: |  1  2 |
---------------+-------+-----
Conjurations   | 2 3 |  3.6
Dodging        | |  2.1
Stealth        | |  2.0
Spellcasting   | |  2.0
Fire Magic     | |  3.6

Action                   || total
-------------------------++-------
Melee: Spear             ||    15
       Kick              ||     3
 Cast: Flame Tongue      ||    21
  Use: Potion            ||     1
 Stab: Sleeping          ||     1
Armor: Robe              ||     3
Dodge: Dodged            ||    16

Table legend:
 A = Spawn XP
 B = Non-spawn XP
 C = Spawn XP percentage of total XP
 D = Spawn monster count
 E = Non-spawn monster count
 F = Spawn count percentage of total count
 G = Total turns spent on level
                    A         B        C        D         E        F      G
               +---------+---------+-------+---------+---------+-------+---------
         Total |       0 |      45 |   0.0 |       0 |      16 |   0.0 |   340
               +---------+---------+-------+---------+---------+-------+---------
           D:1 |       0 |      32 |   0.0 |       0 |      15 |   0.0 |   323
           D:2 |       0 |      13 |   0.0 |       0 |       1 |   0.0 |    17
               +---------+---------+-------+---------+---------+-------+---------
